AoeStats
← zulin

Arena

506173154Analyzed
4v4 RM · 20d ago on Sep 12, 2026· 60m 13s· 8 players
Game mode
Random Map
Map size
Large (8 player)
Population
200
Speed
Normal
Resources
Standard
Victory
Conquest
Starting age
Dark Age
Ending age
Imperial Age
RankedLock teamsTeams togetherTeam positionsShared explorationLock speedFull tech treeHidden civsTurbo modeCheats
Victory
Defeat
🇪🇨 Italians · Ecuador
1287
+13
🇨🇳 Franks · China
1254
+14
🇨🇳 Armenians · China
1242
+15
🇧🇷 Huns · Brazil
1129
+18
🇿🇦 Japanese · South Africa
1237
-16
🇰🇬 Sicilians · Kyrgyzstan
1217
-15
🇺🇸 Inca · United States
1204
-15
🇵🇪 Huns · Peru
1178
-14
Zenar
12:14 Feudal Age
16:27 Castle Age
15:39 Double-Bit Axe
15:37 Horse Collar
18:44 Wheelbarrow
18:26 Bow Saw
18:18 Heavy Plow
22:22 Stone Mining
22:24 Gold Mining
28:03 Imperial Age
26:13 Scale Mail Armor
26:09 Loom
27:24 Hand Cart
27:54 Chain Mail Armor
27:55 Forging
28:08 Elite Kamayuk
29:10 Conscription
30:41 Squires
30:52 Fabric Shields
32:03 Plate Mail Armor
32:09 Iron Casting
32:33 Crop Rotation
32:04 Murder Holes
32:11 Town Watch
32:37 Fletching
33:56 Blast Furnace
33:35 Arson
33:54 Treadmill Crane
38:48 Siege Engineers
40:08 Herbal Medicine
40:39 Town Patrol
40:37 Bodkin Arrow
41:05 Ballistics
43:37 Caravan
44:32 Capped Ram
45:37 Siege Ram
46:22 Bracer
49:58 Champi Runner
51:09 Champi Warrior
52:50 Coinage
53:06 Onager
53:27 Pikeman
55:38 Andean Sling
55:29 Halberdier
57:24 Elite Skirmisher
58:09 Thumb Ring
59:02 Padded Archer Armor
61:28 Chemistry
60:47 Leather Archer Armor
PcklRck
0:27 Loom
11:32 Feudal Age
13:15 Double-Bit Axe
15:56 Castle Age
13:50 Horse Collar
17:05 Bow Saw
21:45 Loom
22:10 Gold Mining
23:11 Heavy Plow
24:18 Fortified Wall
26:05 Wheelbarrow
26:16 Pikeman
30:08 Imperial Age
27:42 Guard Tower
28:26 Hand Cart
28:17 Scale Mail Armor
29:21 Yasama
29:44 Ballistics
29:17 Fletching
31:26 Caravan
32:36 Two-Man Saw
32:02 Town Watch
31:46 Halberdier
35:04 Forging
35:09 Chain Mail Armor
34:50 Bodkin Arrow
35:47 Coinage
36:28 Keep
35:39 Arrowslits
36:04 Masonry
36:52 Forging
36:42 Bracer
38:11 Forging
38:16 Chain Mail Armor
38:30 Squires
39:28 Iron Casting
40:10 Chemistry
38:43 Man-at-Arms
39:08 Gambesons
39:29 Heavy Scorpion
40:28 Long Swordsman
41:56 Two-Handed Swordsman
43:30 Two-Handed Swordsman
50:06 Iron Casting
49:47 Chain Mail Armor
48:57 Champion
55:49 Crossbowman
WALLS
6:08 Loom
10:49 Feudal Age
14:35 Castle Age
13:01 Double-Bit Axe
16:18 Bow Saw
20:59 Horse Collar
22:35 Stone Mining
24:24 Wheelbarrow
25:58 Gold Mining
27:25 Hand Cart
27:48 Heavy Plow
28:34 Gold Shaft Mining
32:07 Imperial Age
30:48 Masonry
30:59 Ballistics
30:52 Scale Barding Armor
31:32 Scale Mail Armor
32:05 Chain Barding Armor
32:11 Marauders
33:01 Bloodlines
32:52 Husbandry
32:41 Elite Tarkan
35:36 Plate Barding Armor
35:50 Forging
35:35 Fletching
37:27 Iron Casting
36:47 Bodkin Arrow
37:59 Conscription
38:00 Bracer
37:59 Town Watch
39:17 Blast Furnace
41:43 Two-Man Saw
43:17 Town Patrol
45:48 Light Cavalry
45:54 Light Cavalry
47:46 Hussar
51:51 Cavalier
53:24 Paladin
Te0n
10:35 Feudal Age
14:08 Castle Age
12:38 Double-Bit Axe
13:09 Horse Collar
20:35 Bow Saw
20:47 Heavy Plow
23:31 Wheelbarrow
23:29 Fletching
24:15 Bodkin Arrow
25:49 Wheelbarrow
26:21 Gold Mining
26:32 Pikeman
26:58 Arson
33:31 Gold Shaft Mining
32:48 Stone Mining
33:33 Hand Cart
34:11 Squires
33:57 Arson
34:13 Scale Mail Armor
34:23 Forging
35:25 Stone Shaft Mining
35:03 Loom
38:04 Imperial Age
35:56 Chain Mail Armor
37:51 Iron Casting
37:43 Ballistics
37:19 Murder Holes
37:35 Masonry
38:36 First Crusade
38:33 Elite Serjeant
39:34 Conscription
40:26 Plate Mail Armor
40:56 Blast Furnace
39:58 Bracer
39:47 Arrowslits
41:48 Chemistry
40:54 Siege Engineers
40:39 Town Watch
42:36 Scale Barding Armor
42:37 Cavalier
43:17 Husbandry
43:28 Bloodlines
43:41 Hauberk
45:34 Chain Barding Armor
45:56 Light Cavalry
48:38 Plate Barding Armor
49:11 Crop Rotation
53:11 Padded Archer Armor
53:18 Elite Skirmisher
zulin
1:58 Loom
11:01 Feudal Age
14:35 Castle Age
13:18 Horse Collar
14:27 Double-Bit Axe
16:04 Heavy Plow
23:20 Bow Saw
23:03 Stone Mining
24:00 Fervor
24:04 Gold Mining
25:46 Wheelbarrow
27:32 Hand Cart
28:10 Gold Shaft Mining
30:07 Imperial Age
28:27 Bloodlines
28:17 Husbandry
28:08 Fletching
28:18 Padded Archer Armor
28:42 Ballistics
28:33 Masonry
28:59 Hand Cart
30:14 Scale Barding Armor
30:20 Forging
30:08 Light Cavalry
30:10 Cavalier
31:37 Conscription
31:47 Atheism
31:54 Chain Barding Armor
30:59 Hussar
33:00 Paladin
34:36 Iron Casting
34:58 Plate Barding Armor
36:57 Blast Furnace
36:52 Caravan
37:38 Coinage
38:05 Bodkin Arrow
40:49 Banking
42:12 Bracer
42:28 Leather Archer Armor
43:56 Parthian Tactics
46:11 Chemistry
46:15 Heavy Cavalry Archer
54:02 Thumb Ring
Santiawhy
2:20 Loom
10:13 Feudal Age
14:10 Castle Age
12:41 Double-Bit Axe
15:48 Wheelbarrow
21:29 Horse Collar
22:40 Hand Cart
23:59 Heavy Plow
24:12 Bow Saw
28:41 Imperial Age
26:20 Gold Mining
26:58 Fletching
27:35 Ballistics
27:38 Bodkin Arrow
28:51 Town Watch
30:36 Chemistry
29:55 Bracer
30:03 Thumb Ring
32:34 Two-Man Saw
32:05 Padded Archer Armor
32:13 Elite Genoese Crossbowman
40:33 Leather Archer Armor
41:06 Guilds
41:46 Conscription
54:46 Caravan
无甲的joe
9:57 Feudal Age
13:57 Castle Age
12:16 Double-Bit Axe
16:22 Bow Saw
18:41 Forging
19:11 Scale Barding Armor
24:15 Chain Barding Armor
25:55 Iron Casting
30:53 Stone Mining
30:53 Gold Mining
33:39 Imperial Age
31:44 Wheelbarrow
32:59 Wheelbarrow
32:09 Town Watch
33:32 Gold Shaft Mining
34:21 Squires
34:06 Arson
35:21 Conscription
35:17 Scale Mail Armor
36:17 Blast Furnace
35:11 Elite Throwing Axeman
37:21 #83
40:21 Chain Mail Armor
42:42 Plate Mail Armor
45:06 Chemistry
49:48 Caravan
公鸡神探
11:37 Feudal Age
12:53 Double-Bit Axe
15:44 Castle Age
17:00 Bow Saw
17:59 Loom
20:06 Horse Collar
25:18 Wheelbarrow
24:48 Heavy Plow
29:07 Imperial Age
27:22 Scale Mail Armor
27:33 Forging
28:57 Chain Mail Armor
28:40 Pikeman
28:43 Man-at-Arms
30:08 Conscription
29:54 Fereters
30:46 Plate Mail Armor
30:52 Iron Casting
30:04 Long Swordsman
30:44 Squires
30:30 Arson
30:31 Gambesons
31:14 Two-Handed Swordsman
31:17 Capped Ram
32:07 Champion
32:42 Siege Ram
36:02 Blast Furnace
38:18 Fletching
38:29 Padded Archer Armor
42:01 Bodkin Arrow
42:23 Leather Archer Armor
44:41 Elite Composite Bowman
46:58 Bracer
47:29 Ring Archer Armor
47:23 Ballistics
48:04 Chemistry
52:51 Caravan
Connection lost

Rejoining the realm…

Still unreachable

The connection could not be restored.

Session expired

The server has moved on; the page needs a fresh start.